 Dungeon Crawl Stone Soup version 0.31.0-11-ge490571c62 (webtiles) character file.

Game seed: 12538419403942518825

5071 Curundu the Protected (level 10, -1/90 HPs)
             Began as a Minotaur Berserker on Jan 26, 2024.
             Was a Priest of Trog.
             Succumbed to a gnoll sergeant's poison
             ... on level 8 of the Dungeon.
             The game lasted 00:28:36 (7342 turns).

Curundu the Protected (Minotaur Berserker)          Turns: 7342, Time: 00:28:36

Health: -1/90      AC: 19    Str: 25    XL:     10   Next: 31%
Magic:  9/9        EV:  9    Int:  4    God:    Trog [***...]
Gold:   431        SH:  0    Dex: 11    Spells: 9/9 levels left

rFire   . . .        t - +4 quarterstaff (chaos)
rCold   . . .        (shield currently unavailable)
rNeg    . . .        o - +1 plate armour
rPois   +            y - +2 hat
rElec   .            u - +0 cloak
rCorr   .            (no gloves)
SInv    .            (no boots)
Will    ++...        z - amulet of regeneration Stlth
                     j - ring of flight
HPRegen 2.15/turn    q - ring of poison resistance
MPRegen 0.11/turn

%: no passive effects
@: lethally poisoned (-1 -> -9), weakened, strong-willed, on berserk cooldown,
flying, regenerating, slowed, very slow
A: horns 2, retaliatory headbutt
a: Renounce Religion, Berserk, Trog's Hand


You were on level 8 of the Dungeon.
You worshipped Trog.
Trog was most pleased with you.
You visited 2 branches of the dungeon, and saw 9 of its levels.

You collected 431 gold pieces.

Inventory:

Hand Weapons
 a - a +2 hand axe of freezing
 c - a +0 hand axe
 t - a +4 quarterstaff of chaos (weapon)
Missiles
 h - 2 boomerangs
 l - 3 throwing nets
Armour
 o - a +1 plate armour (worn)
 u - a +0 cloak (worn)
 y - a +2 hat (worn)
Jewellery
 j - a ring of flight (left hand)
 q - a ring of poison resistance (right hand)
 x - a ring of fire
 z - an amulet of regeneration (around neck)
Wands
 w - a wand of charming (7)
 E - a wand of polymorph (4) (quivered)
Scrolls
 i - a scroll of vulnerability
 k - a scroll of immolation
 n - 2 scrolls of teleportation
 p - 2 scrolls of enchant armour
 s - a scroll of fear
 v - 3 scrolls of poison
 A - a scroll of fog
 B - 3 scrolls of identify
 C - a scroll of revelation
 D - a scroll of brand weapon {unknown}
Potions
 b - 5 potions of mutation
 d - a potion of heal wounds
 e - 3 potions of invisibility
 f - 3 potions of enlightenment
 m - a potion of ambrosia
 r - a potion of lignification
 F - 2 potions of magic {unknown}


   Skills:
 + Level 8.5 Fighting
 * Level 9.6(9.7) Axes
 * Level 2.6(8.2) Polearms
 - Level 7.5(7.7) Staves
 + Level 11.1 Armour
 + Level 4.2 Dodging


You had 9 spell levels left.
You didn't know any spells.
Your spell library was empty.

Dungeon Overview and Level Annotations

Branches:
Dungeon (8/15)             Temple (1/1) D:7            Lair (0/5) D:8

Altars:
Ashenzari
Cheibriados
Dithmenos
Elyvilon
Fedhas
Gozag
Kikubaaqudgha
Makhleb
Nemelex Xobeh
Okawaru
Ru
Trog
Uskayaw
Vehumet
Wu Jian
Xom
Yredelemnul
Zin
The Shining One

Annotations:
D:8 1 transporter, Persephone's ghost, novice GrFi


Innate Abilities, Weirdness & Mutations

You have a pair of horns on your head.
You reflexively headbutt those who attack you in melee.


Message History

* * * LOW HITPOINT WARNING * * *
The gnoll hits you but does no damage.
Your hobgoblin zombie hits Persephone's ghost but does no damage.
You feel much better.
The gnoll sergeant hits you but does no damage.
Persephone's ghost hits you!
The gnoll sergeant hits you from afar with a +0 vampiric trident.
The gnoll bouda gazes fiercely through you!
You feel as though you will be weak longer.
The gnoll hits you with a +0 whip.
* * * LOW HITPOINT WARNING * * *
Your hobgoblin zombie closely misses Persephone's ghost.
Persephone's ghost closely misses you. The gnoll hits you with a +0 whip.
* * * LOW HITPOINT WARNING * * *
The gnoll sergeant hits you from afar with a +1 trident of venom.
* * * LOW HITPOINT WARNING * * *
The gnoll sergeant misses you.
You hit Persephone's ghost but do no damage.
The acid corrodes Persephone's ghost!
Persephone's ghost is lightly damaged.
Your hobgoblin zombie hits Persephone's ghost.
The gnoll sergeant hits you from afar with a +1 trident of venom.
* * * LOW HITPOINT WARNING * * *
You are poisoned.
Persephone's ghost hits you!
* * * LOW HITPOINT WARNING * * *
The gnoll sergeant barely misses you. The gnoll hits you but does no damage.
You hit Persephone's ghost.
Persephone's ghost convulses.
Persephone's ghost is moderately damaged.
You feel very sick.
The gnoll sergeant hits you from afar with a +1 trident of venom!
* * * LOW HITPOINT WARNING * * *
You are lethally poisoned!
Persephone's ghost hits you but does no damage.
The gnoll sergeant hits you but does no damage.
The gnoll hits you but does no damage.
Your hobgoblin zombie misses Persephone's ghost.
You hit Persephone's ghost.
Persephone's ghost appears confused.
Persephone's ghost is moderately damaged.
You die...

###.....≈≈##.###.###.##≈≈.# #####
#...###.≈≈#...........#≈≈.#
..###...≈≈###.##'##.###≈≈.#
.####.#.≈≈..#.#...#.#..≈≈.#
...##...≈≈.##.'...'.##.≈≈.#
......#.≈≈.#..#...#..#.≈≈.#
.....##.≈≈.##.##.##.##.≈≈.#
......#.≈≈..#g#gW.#.#.....#
......#.~~.©#gg.@Zg.#©....#
........≈≈..#g#8⌠8#.#.....# ##
......>.≈≈.##.#####.##.≈≈.# #.
........≈≈.#g.#g ?#.©#.≈≈.# #.
#.......≈≈.##g#g /#.##.≈≈.## ##.
##..###.≈≈..#.#g .#.#..≈≈..## #..
##### #.≈≈###.##'##.###≈≈...###.#
.# #.≈≈#...........#≈≈.#..##.#
.######.≈≈##.###.###.##≈≈.##....#


You could see 3 gnoll sergeants, a gnoll bouda, Persephone's ghost (confused,
corroded, ally target), 2 gnolls and a friendly hobgoblin zombie.

Vanquished Creatures
  Maurice (D:7)
  Jeremiah (D:8)
  Maggie (D:7)
  Prince Ribbit (D:7)
  A hornet (D:7)
  Grinder (D:5)
  A wyvern (D:8)
  A steam dragon (D:8)
  Menkaure (D:4)
  2 water moccasins
  4 ice beasts
  A black bear (D:6)
  An orc warrior (D:7)
  2 ogres
  A centaur (D:7)
  A phantom (D:3)
  A kobold brigand (D:8)
  2 gnoll sergeants
  2 bullfrogs
  2 scorpions
  6 howler monkeys
  2 hounds
  5 orc priests
  3 bombardier beetles
  3 jellies
  Crazy Yiuf (D:5)
  3 gnoll boudas
  3 iguanas
  6 orc wizards
  3 sleepcaps
  2 hound zombies (D:3)
  8 adders
  32 gnolls
  A white imp (D:7)
  An adder zombie (D:3)
  5 dart slugs
  29 orcs
  9 ball pythons
  5 bats
  11 endoplasms
  4 giant cockroaches
  8 goblins
  13 hobgoblins
  8 jackals
  7 quokkas
  2 frilled lizards
  4 kobolds
  2 rats
214 creatures vanquished.

Vanquished Creatures (collateral kills)
  A gnoll (D:8)
1 creature vanquished.

Grand Total: 215 creatures vanquished

Notes
Turn   | Place    | Note
-------+----------+-------------------------------------------
     0 | D:1      | Curundu the Minotaur Berserker began the quest for the Orb.
     0 | D:1      | Reached XP level 1. HP: 19/19 MP: 0/0
   126 | D:1      | Reached XP level 2. HP: 27/27 MP: 1/1
   592 | D:1      | Reached XP level 3. HP: 33/33 MP: 2/2
  1428 | D:2      | Reached ** piety under Trog
  1436 | D:2      | Reached XP level 4. HP: 41/41 MP: 3/3
  1696 | D:3      | Reached skill level 3 in Armour
  1720 | D:3      | Reached skill level 5 in Axes
  1822 | D:3      | Found a sacrificial altar of Ru.
  1994 | D:3      | Reached XP level 5. HP: 35/47 MP: 4/4
  2072 | D:3      | Found a shimmering altar of Xom.
  2324 | D:3      | Reached skill level 4 in Armour
  2344 | D:3      | Found a basalt altar of Yredelemnul.
  2632 | D:4      | Noticed a phantom
  2644 | D:3      | Killed a phantom
  2645 | D:3      | Reached skill level 5 in Fighting
  2645 | D:3      | Reached XP level 6. HP: 36/56 MP: 5/5
  3001 | D:4      | Reached skill level 5 in Armour
  3176 | D:4      | Reached XP level 7. HP: 36/61 MP: 6/6
  3705 | D:4      | Noticed Menkaure
  3716 | D:4      | Killed Menkaure
  3717 | D:4      | Reached skill level 6 in Armour
  3910 | D:5      | Entered Level 5 of the Dungeon
  3910 | D:5      | Noticed Grinder
  3916 | D:5      | Killed Grinder
  3922 | D:5      | Reached skill level 7 in Armour
  3924 | D:5      | Reached XP level 8. HP: 70/70 MP: 7/7
  4252 | D:5      | Reached *** piety under Trog
  4344 | D:5      | Reached skill level 8 in Armour
  4560 | D:5      | Found a runed translucent door.
  4561 | D:5      | Noticed Crazy Yiuf
  4569 | D:5      | Killed Crazy Yiuf
  4990 | D:6      | Reached skill level 9 in Armour
  5227 | D:6      | Reached skill level 1 in Staves
  5227 | D:6      | Reached XP level 9. HP: 77/79 MP: 8/8
  5330 | D:7      | Noticed Maurice
  5338 | D:7      | Something stole a ring of fire
  5338 | D:7      | Something stole 4 throwing nets
  5350 | D:7      | Something stole a +0 hand axe
  5355 | D:7      | Killed Maurice
  5403 | D:7      | Noticed Prince Ribbit
  5414 | D:7      | Reached skill level 10 in Armour
  5420 | D:7      | Killed Prince Ribbit
  5718 | D:7      | Noticed Maggie
  5734 | D:7      | Killed Maggie
  5735 | D:7      | Reached skill level 5 in Staves
  6022 | D:7      | Found a staircase to the Ecumenical Temple.
  6036 | Temple   | Entered the Ecumenical Temple
  6156 | D:7      | Paralysed by a hornet for 1 turns
  6228 | D:7      | Reached XP level 10. HP: 84/88 MP: 9/9
  6443 | D:8      | Found a staircase to the Lair.
  6531 | D:8      | Noticed Jeremiah
  6551 | D:8      | Killed Jeremiah
  6643 | D:8      | Found a transporter.
  6643 | D:8      | Identified the ring "Lolew" {rC+ Int+4 Dex+2 Slay+6}
  6644 | D:8      | Found a transporter.
  6696 | D:8      | Identified the +8 spear "Ucueg" {vamp, Str+2}
  6796 | D:8      | Reached skill level 1 in Polearms
  6967 | D:8      | Reached skill level 11 in Armour
  7290 | D:8      | Noticed Persephone's ghost (novice GrFi)
  7341 | D:8      | HP: 3/90 [gnoll sergeant/+1 trident of venom (10)]
  7342 | D:8      | Succumbed to a gnoll sergeant's poison

Illustrated notes

Levels and vault maps discovered:
D:1:      spicycebolla_green_bress_n_ham_2, layout_basic
D:2:      layout_basic
D:3:      layout_loops_ring, nicolae_yredelemnul_corpse_copse,
          nicolae_ru_awakened_eye, lemuel_tele_altar
D:4:      layout_basic, kennysheep_generic_room_2, uniq_menkaure
D:5:      layout_cave_pools, hangedman_abyss_or_decor_lesser_grid,
          kennysheep_minor_cross, uniq_grinder, uniq_crazy_yiuf_cottage
D:6:      layout_rooms
D:7:      layout_rooms, minmay_temple_entry_purple_smoke,
          minmay_fractal_squares_gapless_5, uniq_maggie, uniq_maurice,
          uniq_prince_ribbit1
D:8:      layout_cave_pods, lair_entry_dummy, enter_bailey_4,
          gammafunk_ghost_gnarly_gnolls, uniq_jeremiah
Temple:   minmay_temple_bridge_d

Skill      XL: |  1  2  3  4  5  6  7  8  9 10 |
---------------+-------------------------------+-----
Axes           | 4 5 6 7 9 |  9.6
Fighting       | 4 5 6 7 8 |  8.5
Armour         | 3 4 5 7 9 10 11 | 11.1
Dodging        | 3 4 |  4.2
Staves         | 1 6 7 |  7.5
Polearms       | 2 |  2.6

Action                     |  1- 3 |  4- 6 |  7- 9 | 10-12 || total
---------------------------+-------+-------+-------+-------++-------
  Melee: Hand axe          |    93 |   147 |   124 |       ||   364
         Headbutt          |    19 |    23 |    54 |     9 ||   105
         Punch             |     1 |     2 |     2 |       ||     5
         Quarterstaff      |       |       |   144 |    60 ||   204
         Unarmed           |       |       |       |    25 ||    25
 Invoke: Trog's Hand       |       |     1 |     9 |     2 ||    12
         Berserk           |       |       |     6 |     1 ||     7
  Evoke: Wand              |       |       |       |     1 ||     1
    Use: Scroll            |     2 |     4 |    11 |     2 ||    19
         Potion            |       |       |       |     3 ||     3
 Armour: Animal skin       |    15 |       |       |       ||    15
         Chain mail        |    54 |   114 |       |       ||   168
         Plate armour      |       |       |   267 |   105 ||   372
         Skin              |       |       |       |    19 ||    19
  Dodge: Dodged            |    34 |    70 |   125 |    88 ||   317
